 Dungeon Crawl Stone Soup version 0.27-a0-323-gbd089401bb (webtiles) character file.

Game seed: 17822247490361125405

15627 gimp the Carver (level 11, -1/123 HPs)
             Began as a Demigod Wanderer on Feb 10, 2021.
             Slain by a two-headed ogre
             ... wielding a +0 giant club
              (6 damage)
             ... on level 9 of the Dungeon on Feb 11, 2021.
             The game lasted 00:36:16 (16018 turns).

gimp the Carver (Demigod Wanderer)                 Turns: 16018, Time: 00:36:16

Health: -1/123     AC:  8    Str: 15    XL:     11   Next: 71%
Magic:  25/25      EV: 19    Int: 22    God:
Gold:   667        SH:  6    Dex: 20    Spells: 19/23 levels left

rFire    . . .     SeeInvis .   a - +8 long sword of Watchfulness {vorpal, *Corrode rC++ Stlth+}
rCold    + + .     Faith    .   y - +0 buckler
rNeg     . . .     Spirit   .   j - +0 troll leather armour
rPois    +         Reflect  .   t - +0 hat of the Raven {Will+++ Int+5 Stlth-}
rElec    .         Harm     .   g - +0 cloak
rCorr    .         Rampage  .   e - +1 pair of gloves
Will     ++++.                  (no boots)
Stlth    ..........             (no amulet)
HPRegen  0.70/turn              v - ring of poison resistance
MPRegen  0.19/turn              C - ring of flight

@: berserking, very quick
A: high mp 1
a: Evoke Flight


You were on level 9 of the Dungeon.
You visited 2 branches of the dungeon, and saw 13 of its levels.
You also visited: Bailey.

You collected 968 gold pieces.
You spent 301 gold pieces at shops.

Inventory:

Hand Weapons
 a - the +8 long sword of Watchfulness (weapon) {vorpal, *Corrode rC++ Stlth+}
   (You bought it in a shop on level 7 of the Dungeon)

   It inflicts extra damage upon your enemies.
   It greatly protects you from cold.
   It may corrode you when you take damage.
   It makes you more stealthy.
 b - the +3 sling "Punk" {acid, rCorr}
   (You found it on level 10 of the Dungeon)

   It provides partial protection from all sources of acid and corrosion.
Missiles
 H - 62 sling bullets
Armour
 e - a +1 pair of gloves (worn)
 g - a +0 cloak (worn)
 j - a +0 troll leather armour (worn)
 t - the +0 hat of the Raven (worn) {Will+++ Int+5 Stlth-}
   (You found it on level 5 of the Dungeon)

   It affects your intelligence (+5).
   It affects your willpower, your defense against some magical effects.
   It makes you less stealthy.
 y - a +0 buckler (worn)
Jewellery
 k - a ring of willpower
 m - a ring of resist corrosion
 u - a ring of see invisible
 v - a ring of poison resistance (left hand)
 w - a ring of protection from cold
 A - a +6 ring of intelligence
 C - a ring of flight (right hand)
Wands
 r - a wand of digging (11)
 x - a wand of polymorph (3)
Scrolls
 c - 6 scrolls of teleportation
 q - a scroll of immolation
 G - 2 scrolls of fog
 I - a scroll of blinking
 L - 2 scrolls of enchant weapon
Potions
 d - a potion of curing
 f - 3 potions of heal wounds
 h - 2 potions of cancellation
 i - 2 potions of invisibility
 l - a potion of magic
 n - 3 potions of flight
 o - 2 potions of brilliance
 p - a potion of haste
 s - 2 potions of resistance
 z - 3 potions of attraction
 D - a potion of mutation
 J - 2 potions of might
Miscellaneous
 E - a phial of floods (inert)
 F - a phantom mirror
 K - a lightning rod (1/4)


   Skills:
 - Level 3.0 Fighting
 - Level 9.3 Long Blades
 * Level 7.6 Slings
 - Level 4.0 Armour
 - Level 8.8 Dodging
 - Level 1.0 Stealth
 - Level 4.0 Shields
 + Level 6.8 Spellcasting
 - Level 3.0 Hexes
 - Level 1.0 Poison Magic
 + Level 3.0 Evocations


You had 19 spell levels left.
You knew the following spells:

 Your Spells              Type           Power        Failure   Level
a - Slow                  Hex            21%          4%          2
b - Blink                 Tloc           N/A          16%         2

Your spell library contained the following spells:

 Spells                   Type           Power        Failure   Level
 Sting                    Tmut/Pois      36%          9%          1
 Confusing Touch          Hex            21%          9%          3
 Animate Skeleton         Necr           14%          11%         1
 Magic Dart               Conj           28%          11%         1
 Pain                     Necr           28%          11%         1
 Poisonous Vapours        Pois/Air       18%          13%         2
 Call Imp                 Summ           7%           16%         2
 Ignite Poison            Fire/Tmut/Pois 8%           26%         3
 Mephitic Cloud           Conj/Pois/Air  8%           26%         3
 Conjure Flame            Conj/Fire      7%           30%         3
 Gell's Gravitas          Tloc           3%           30%         3
 Vampiric Draining        Necr           3%           30%         3
 Olgreb's Toxic Radiance  Pois           11%          56%         4
 Animate Dead             Necr           3%           71%         4
 Petrify                  Tmut/Erth      7%           71%         4
 Metabolic Englaciation   Hex/Ice        7%           83%         5
 Yara's Violent Unravell  Hex/Tmut       7%           83%         5
 Agony                    Necr           7%           96%         5


Dungeon Overview and Level Annotations

Branches:
Dungeon (12/15)            Temple (0/1) D:7            Lair (0/6) D:8
    Orc (1/2) D:9          Bailey (visited)

Shops:
D:4 ?   D:7 =((=   D:8 =


Innate Abilities, Weirdness & Mutations

You have an increased reservoir of magic. (+10% MP)


Message History

You feel yourself moving faster!
You feel mighty! The ogre barely misses you.
You now have 53/123 hp.
You slash the two-headed ogre!
The two-headed ogre is heavily wounded.
The two-headed ogre hits you with a +0 giant club!
The two-headed ogre hits you with a +0 giant spiked club!!
* * * LOW HITPOINT WARNING * * *
You take 40 damage, and have 13/123 hp.
MASSIVE DAMAGE!!
You slash the two-headed ogre!
The two-headed ogre is severely wounded.
The ogre closely misses you.
You riposte.
You slice the ogre!!
You kill the ogre!
You slash the two-headed ogre!
You kill the two-headed ogre!
Your Evocations skill increases to level 3!
You slash the orc warrior!
The orc warrior is heavily wounded.
You hit the orc warrior.
The orc warrior is severely wounded.
The orc barely misses you.
The orc warrior hits you but does no damage.
You slash the orc warrior!
You kill the orc warrior!
You slice the orc!!
You kill the orc!
There are no items here.
You slash the two-headed ogre!
The two-headed ogre is lightly wounded.
The two-headed ogre misses you.
The two-headed ogre hits you with a +0 giant club!
* * * LOW HITPOINT WARNING * * *
You take 12 damage, and have 4/123 hp.
You slash the two-headed ogre!
The two-headed ogre is heavily wounded.
You slash the two-headed ogre!
The two-headed ogre is heavily wounded.
You barely miss the two-headed ogre.
The two-headed ogre is heavily wounded.
The two-headed ogre hits you with a +0 giant club.
You die...

...# #.......# #.......#.##...
...# ####.#### #########......
...#########....# ######.
...#.......####.# ####### #.
...#.......# #.# #.....# #.
...........####.###.....######
#)
.............................#
#.
...........###.)###..........#
#. ...#.......#
#.O@##......_...###>
...........#
#.########..........
......######
#[########.....#.##. ......#
#.......###.####.#.. ...####
#..####...)...##.#.# ...#
#..####..####.##.#.# ...###
#...<.#........#.... #....###
##.##)#..##.....<..#
#......####
#..........#..#####


You could see a two-headed ogre.

Vanquished Creatures
  A boulder beetle (D:11)
  A hydra (D:10)
  Erolcha (D:11)
  3 two-headed ogres
  An orc knight (Bailey)
  2 ugly things (D:11)
  A manticore (D:11)
  A centaur zombie (D:11)
  5 trolls
  Grinder (D:3)
  A water elemental (D:12)
  2 wyverns
  14 yaks
  3 steam dragons
  5 ice beasts
  7 orc warriors
  A necrophage (D:9)
  2 eyes of draining
  3 sky beasts
  A black bear (D:11)
  4 ogres
  2 wolves (D:8)
  3 centaurs
  2 phantoms
  A kobold brigand (D:7)
  5 bullfrogs
  2 scorpions
  6 killer bees (D:9)
  A howler monkey (D:7)
  2 bullfrog zombies
  A quasit (D:10)
  8 hounds
  2 jellies
  4 orc priests
  A bullfrog skeleton (D:5)
  4 centaur skeletons
  Natasha (thrice) (D:3)
  9 worker ants
  10 orc wizards
  A hound skeleton (D:7)
  2 worker ant zombies
  9 adders
  4 gnolls
  3 shadow imps
  A white imp (D:10)
  An ufetubus (D:5)
  An ooze (D:4)
  3 adder skeletons
  6 worms
  A dart slug (D:1)
  4 leopard geckos
  36 orcs
  6 giant cockroaches
  14 goblins
  9 hobgoblins
  11 jackals
  2 quokkas (D:2)
  2 ball pythons
  8 bats
  4 frilled lizards
  25 kobolds
  11 rats
290 creatures vanquished.

Vanquished Creatures (collateral kills)
  A two-headed ogre (D:9)
1 creature vanquished.

Vanquished Creatures (others)
  An orc wizard (D:11)
1 creature vanquished.

Grand Total: 292 creatures vanquished

Notes
Turn   | Place    | Note
-------+----------+-------------------------------------------
     0 | D:1      | gimp the Demigod Wanderer began the quest for the Orb.
     0 | D:1      | gimp set off with the following items: a +0 short sword, a
                  | +2 leather armour, a scroll of teleportation
     0 | D:1      | Reached XP level 1. HP: 16/16 MP: 3/3
   363 | D:1      | Reached XP level 2. HP: 20/24 MP: 4/4
   945 | D:2      | Reached XP level 3. HP: 30/30 MP: 5/5
   960 | D:2      | Found a shadowy altar of Dithmenos.
   993 | D:2      | Reached skill level 1 in Armour
  2007 | D:2      | Reached XP level 4. HP: 38/38 MP: 6/6
  2230 | D:2      | Found a sparkling altar of Nemelex Xobeh.
  2230 | D:2      | Found an ornate altar of the Wu Jian Council.
  3299 | D:3      | Noticed Grinder
  3680 | D:3      | Reached skill level 2 in Long Blades
  4131 | D:3      | Reached XP level 5. HP: 44/45 MP: 7/7
  5019 | D:4      | Noticed an ogre
  5025 | D:4      | Learned a level 2 spell: Slow
  5611 | D:3      | Noticed Natasha
  5617 | D:3      | Killed Natasha
  5618 | D:3      | Reached skill level 3 in Long Blades
  5623 | D:3      | Noticed Natasha
  5644 | D:3      | Killed Natasha
  5645 | D:3      | Reached XP level 6. HP: 49/51 MP: 8/8
  5652 | D:3      | Noticed Natasha
  5670 | D:3      | Killed Natasha
  5862 | D:3      | Found a shimmering altar of Xom.
  6241 | D:3      | Paralysed by Grinder for 3 turns
  6853 | D:4      | Found Ykazxae's Magic Scroll Emporium.
  7097 | D:4      | Bought a scroll of identify for 28 gold pieces
  7097 | D:4      | Bought 3 scrolls of identify for 84 gold pieces
  7109 | D:4      | Bought a scroll of identify for 28 gold pieces
  7290 | D:5      | Entered Level 5 of the Dungeon
  8043 | D:5      | Got a transparent hat
  8051 | D:5      | Identified the +0 hat of the Raven {Will+++ Int+5 Stlth-}
                  | (You found it on level 5 of the Dungeon)
  8325 | D:6      | Found a white marble altar of Elyvilon.
  8598 | D:6      | Reached skill level 4 in Long Blades
  8598 | D:6      | Reached XP level 7. HP: 45/57 MP: 9/9
  9292 | D:7      | Found a staircase to the Ecumenical Temple.
  9594 | D:7      | Found Xuylomp Dase's Antique Weapon Shop.
  9652 | D:7      | Found a burning altar of Makhleb.
  9808 | D:7      | Found Zaidumit's Antique Weapon Boutique.
  9818 | D:7      | Bought a pitted long sword for 161 gold pieces
  9819 | D:7      | Identified the +8 long sword of Watchfulness {vorpal,
                  | *Corrode rC++ Stlth+} (You bought it in a shop on level 7
                  | of the Dungeon)
  9853 | D:7      | Found Fapneaz's Jewellery Emporium.
  9868 | D:7      | Reached skill level 5 in Long Blades
  9983 | D:7      | Found Torchefuno's Jewellery Shoppe.
 10020 | D:7      | Found a radiant altar of Vehumet.
 10027 | D:7      | Found a broken altar of Ashenzari.
 10028 | D:7      | Found a hazy altar of Hepliaklqana.
 10029 | D:7      | Found a blossoming altar of Fedhas.
 10030 | D:7      | Found a white marble altar of Elyvilon.
 10034 | D:7      | Found an iron altar of Okawaru.
 10349 | D:8      | Reached skill level 5 in Dodging
 10349 | D:8      | Reached XP level 8. HP: 57/63 MP: 0/10
 10436 | D:8      | Found a staircase to the Lair.
 10462 | D:8      | Reached skill level 6 in Long Blades
 10462 | D:8      | Reached skill level 1 in Spellcasting
 11043 | D:8      | Learned a level 2 spell: Blink
 11061 | D:8      | Noticed a troll
 11081 | D:8      | Killed a troll
 11169 | D:8      | Reached skill level 7 in Long Blades
 11169 | D:8      | Reached XP level 9. HP: 12/69 MP: 15/15
 11442 | D:8      | Found Vush's Jewellery Shoppe.
 11768 | D:9      | Found a hide-covered altar of Uskayaw.
 11780 | D:9      | Found a staircase to the Orcish Mines.
 11808 | D:9      | Noticed a two-headed ogre
 11907 | D:9      | Found an opulent altar of Gozag.
 12275 | D:9      | Reached skill level 8 in Long Blades
 12649 | D:9      | Reached XP level 10. HP: 77/77 MP: 19/19
 12792 | D:9      | Found a sacrificial altar of Ru.
 12961 | D:9      | Killed a two-headed ogre
 12962 | D:9      | Reached skill level 9 in Long Blades
 13061 | D:10     | Entered Level 10 of the Dungeon
 13061 | D:10     | Found the +3 sling "Punk" {acid, rCorr}
 13274 | D:3      | Killed Grinder
 13700 | D:10     | Reached skill level 1 in Slings
 13812 | D:11     | Noticed a four-headed hydra
 13831 | D:11     | Noticed a green ugly thing
 13962 | D:11     | Noticed a manticore
 13971 | D:11     | Killed a manticore
 13972 | D:11     | Reached skill level 5 in Spellcasting
 14005 | D:11     | Noticed a boulder beetle
 14011 | D:11     | Noticed a white ugly thing
 14032 | D:11     | Found a flagged portal.
 14042 | Bailey   | Entered a bailey
 14103 | Bailey   | Noticed an orc knight
 14187 | Bailey   | Killed an orc knight
 14566 | D:10     | Killed a four-headed hydra
 14650 | D:11     | Noticed a two-headed ogre
 14657 | D:11     | Killed a two-headed ogre
 14658 | D:11     | Reached XP level 11. HP: 68/82 MP: 21/23
 14671 | D:11     | Reached skill level 5 in Slings
 14861 | D:11     | Noticed Erolcha
 14870 | D:11     | Killed Erolcha
 14910 | D:11     | Killed a boulder beetle
 14911 | D:11     | Reached skill level 1 in Evocations
 15723 | Orc:1    | Entered Level 1 of the Orcish Mines
 15723 | Orc:1    | Noticed an ogre mage
 15723 | Orc:1    | Noticed a two-headed ogre
 15723 | Orc:1    | Noticed a two-headed ogre
 15723 | Orc:1    | Noticed a two-headed ogre
 15724 | Orc:1    | Noticed a two-headed ogre
 15872 | D:9      | Killed a two-headed ogre
 16010 | D:9      | Killed a two-headed ogre
 16015 | D:9      | HP: 4/123 [two-headed ogre/+0 giant club (12)]
 16018 | D:9      | Slain by a two-headed ogre

Illustrated notes

Levels and vault maps discovered:
D:1:      sevenhm_arrival_forest_fort_small_3, layout_basic
D:2:      layout_loops_corners, grunt_dithmenos_smoke,
          gammafunk_temple_overflow_wave, minmay_misc_feat_ornament
D:3:      minmay_door_path, layout_basic, xom_teletrap_fun, due_unseen_surprise,
          uniq_natasha, uniq_grinder
D:4:      layout_cave_pools, serial_shops, shop
D:5:      layout_rooms, nrook_mini_vaults
D:6:      layout_rooms, basic_altar, amcnicky_mini_rare_corridor_liquid,
          hangedman_decor_diamond_cutter, kennysheep_generic_room_15
D:7:      layout_basic, lemuel_round_altar, minitemple,
          minmay_temple_entry_wispy, serial_shops, shop,
          nicolae_shop_competitors_out_of_business, nicolae_shop_statue_plus,
          shop_fountains
D:8:      layout_loops_cross, erik_lair_island, serial_shops,
          nicolae_shop_crystal
D:9:      layout_loops_cross, general_overflow_altar, orc_0_dummy, basic_altar,
          nicolae_two_hexagons, grunt_gozag_breadcrumbs
D:10:     layout_big_octagon
D:11:     layout_cave_pools, enter_bailey_5, minmay_misc_feat_doors,
          nzn_sisyphean_effort, uniq_erolcha
D:12:     erik_rubicon_a, layout_basic
Orc:1:    layout_caves

Skill      XL: |  1  2  3  4  5  6  7  8  9 10 11 |
---------------+----------------------------------+-----
Fighting       | 2 3 |  3.0
Armour         | 2 3 4 |  4.0
Long Blades    | 2 3 4 5 7 8 9 |  9.3
Hexes          | 2 3 |  3.0
Dodging        | 3 5 6 8 |  8.8
Spellcasting   | 2 3 5 6 |  6.8
Slings         | 4 7 |  7.6
Shields        | 3 4 |  4.0
Evocations     | 3 |  3.0
Stealth        | |  1.0
Poison Magic   | |  1.0

Action                   |  1- 3 |  4- 6 |  7- 9 | 10-12 || total
-------------------------+-------+-------+-------+-------++-------
Melee: Short sword       |   164 |   374 |       |       ||   538
       Falchion          |       |   135 |    29 |       ||   164
       Long sword        |       |       |   257 |   284 ||   541
 Fire: Fustibalus        |       |       |       |    87 ||    87
 Cast: Slow              |       |    21 |     1 |       ||    22
 Abil: Evoke Flight      |       |       |       |     3 ||     3
       Stop Flying       |       |       |       |     1 ||     1
Evoke: Wand              |       |       |     4 |       ||     4
       Phantom mirror    |       |       |       |     1 ||     1
       Lightning rod     |       |       |       |     4 ||     4
       Phial of floods   |       |       |       |     1 ||     1
  Use: Potion            |       |     4 |     5 |     3 ||    12
       Scroll            |       |    10 |     6 |     9 ||    25
 Stab: Sleeping          |     7 |     3 |       |       ||    10
       Invisible         |       |       |     1 |       ||     1
Armor: Leather armour    |    52 |   145 |    34 |       ||   231
       Skin              |       |    22 |     8 |       ||    30
       Troll leather arm |       |       |    15 |    44 ||    59
Dodge: Dodged            |    92 |   334 |   213 |   264 ||   903
Block: Buckler           |       |       |       |    73 ||    73
       Rpst.: Falchion   |       |    28 |     5 |       ||    33
       Long sword        |       |       |    51 |    62 ||   113

Table legend: (Time is in decaauts)
 A = Elapsed time spent in this place.
 B = Non-inter-level travel time spent in this place.
 C = Inter-level travel time spent in this place.
 D = Time resting spent in this place.
 E = Time spent auto-exploring this place.
 F = Levels seen in this place.
 G = Mean time per level.
                   A        B        C        D        E       F      G
               +--------+--------+--------+--------+--------+-----+--------+
         Total |  16100 |  15115 |    985 |   2315 |   9031 |  14 | 1150.0 |
       Dungeon |  15718 |  14733 |    985 |   2315 |   8852 |  12 | 1309.8 |
  Orcish Mines |      5 |      5 |      0 |      0 |      0 |   1 |    5.0 |
        Bailey |    376 |    376 |      0 |      0 |    179 |   1 |  376.0 |
               +--------+--------+--------+--------+--------+-----+--------+

Top non-repeatable levels by time:
     D:3: 2959 daAuts
     D:2: 2006 daAuts
     D:9: 1708 daAuts
     D:8: 1504 daAuts
     D:1: 1291 daAuts
     D:7: 1268 daAuts
     D:4: 1193 daAuts
    D:11: 1165 daAuts
     D:5: 992 daAuts
     D:6: 885 daAuts
    D:10: 715 daAuts
  Bailey: 376 daAuts
    D:12: 27 daAuts
   Orc:1: 5 daAuts
